Patriotes vs Atomiques
Created - November 5, 2017 at 19:09
Goals
|
| Patriotes |
1 |
1 |
0 |
2 |
| Atomiques |
0 |
1 |
3 |
4 |
|
Shots
|
| Patriotes |
8 |
11 |
13 |
32 |
| Atomiques |
10 |
9 |
8 |
27 |
|
1st period
1. Patriotes , Matt Calvert 4 (Andrew Gordon 6, Christian Hanson 8) at 5:40
Penalties :
No Penalty
2nd period
2. Atomiques , Bobby Farnham 1 (Kenndal McArdle 4, Tyler Brenner 10) at 6:57
3. Patriotes , Zach Budish 2 (Justin Florek 2, Phil McRae 5) at 10:55
Penalties :
Matt Calvert (Nyc) for Hooking (Minor) at 1:58, Tyler Brenner (STB) for Roughing (Minor) at 4:46, Fedor Fedorov (Nyc) for Interference (Minor) at 15:42, Andrew Gordon (Nyc) for Slashing (Minor) at 18:56
3rd period
4. Atomiques , Brett Sutter 3 (Andrew Kozek 2, Tyler Brenner 11) at 10:16
5. Atomiques , Andreas Engqvist 2 (Colby Cohen 1, Dmitri Orlov 4) at 14:29
6. Atomiques , Dwight King 7 (Tyler Brenner 12, Dmitri Orlov 5) at 17:11
Penalties :
Alex Petrovic (Nyc) for Hooking (Minor) at 6:59, Brett Sutter (STB) for Hooking (Minor) at 11:23, Kyle Wharton (STB) for High sticking (Minor) at 17:59
Goalie Stats
Marek Schwarz (Nyc), 23 saves from 27 shots - (0.852), L, 1-4-1, 60:00 minutes
Sergei Bobrovsky (STB), 30 saves from 32 shots - (0.938), W, 8-0-0, 60:00 minutes
Players Stats for Patriotes
Player Name G A P +/- PIM S H SB GA TA FO MP PP MP PK MP
------------------------------------------------------------------------------------
Aaron Ness 0 0 0 0 0 0 1 1 0 0 0/0 12:17 0:00 0:00
Alex Petrovic 0 0 0 0 2 0 0 0 0 0 0/0 19:47 2:01 2:36
Andrew Gordon 0 1 1 1 2 4 2 0 3 0 4/7 20:32 3:01 3:09
Anthony Bitetto 0 0 0 -2 0 3 3 1 1 4 0/0 27:16 3:56 4:31
Austin Watson 0 0 0 0 0 0 0 0 0 0 0/0 0:35 0:12 0:21
Christian Hanson 0 1 1 1 0 2 0 0 0 0 12/18 21:55 3:11 4:30
David Kolomatis 0 0 0 0 0 0 2 0 0 2 0/0 20:44 2:01 3:30
Fedor Fedorov 0 0 0 -1 2 3 0 0 0 0 0/1 16:53 2:44 1:06
Jared Knight 0 0 0 0 0 0 0 0 1 0 0/0 7:50 0:00 0:37
Justin Florek 0 1 1 -2 0 4 2 2 0 2 1/1 11:45 0:00 0:00
Lauri Tukonen 0 0 0 -1 0 3 2 0 0 0 0/0 15:26 2:44 0:00
Matt Calvert 1 0 1 1 2 3 1 0 0 0 3/4 18:57 3:11 1:31
Phil McRae 0 1 1 -2 0 5 0 0 0 0 4/6 11:45 0:00 0:00
Riley Barber 0 0 0 0 0 0 0 0 0 0 0/0 0:03 0:02 0:00
Robbie Russo 0 0 0 0 0 0 0 0 0 1 0/0 13:06 0:00 0:49
Robert Baillargeon 0 0 0 0 0 0 0 0 0 0 1/2 2:46 0:00 2:36
Scott Glennie 0 0 0 0 0 0 0 1 0 0 0/0 7:06 0:02 0:00
Timothy Kunes 0 0 0 -2 0 1 1 3 0 0 0/0 26:59 3:56 4:26
Vince Hinostroza 0 0 0 0 0 1 1 0 1 0 0/0 7:03 0:00 0:00
Zach Budish 1 0 1 -2 0 1 0 0 0 0 0/0 11:45 0:00 0:00
Zenon Konopka 0 0 0 -1 0 2 2 1 0 0 5/8 17:30 2:44 2:02
Players Stats for Atomiques
Player Name G A P +/- PIM S H SB GA TA FO MP PP MP PK MP
------------------------------------------------------------------------------------
Andreas Engqvist 1 0 1 1 0 3 0 1 0 0 0/1 7:51 0:00 0:00
Andrew Kozek 0 1 1 0 0 2 0 0 0 0 0/0 12:51 0:00 1:41
Anthony Nigro 0 0 0 0 0 0 0 0 0 0 0/0 0:00 0:00 0:00
Bobby Farnham 1 0 1 0 0 1 2 0 0 0 0/0 16:11 3:35 0:00
Brett Sutter 1 0 1 0 2 5 1 1 3 0 2/4 11:58 0:00 0:50
Colby Cohen 0 1 1 3 0 2 1 0 0 0 0/0 10:59 0:00 0:49
Corey Tropp 0 0 0 1 0 2 4 1 1 0 1/1 18:47 4:21 0:00
Darren Kramer 0 0 0 0 0 0 0 0 0 0 0/0 0:56 0:00 0:52
Davis Drewiske 0 0 0 -1 0 1 4 2 0 1 0/0 26:01 5:07 3:08
Dmitri Orlov 0 2 2 3 0 1 0 0 0 1 0/0 10:50 0:00 0:39
Dwight King 1 0 1 1 0 4 0 0 1 1 0/0 21:44 4:21 2:53
Eric Mestery 0 0 0 0 0 0 0 0 0 1 0/0 5:01 0:00 0:00
Fredrik Claesson 0 0 0 0 0 0 0 0 0 0 0/0 0:00 0:00 0:00
John Draeger 0 0 0 0 0 0 1 1 0 0 0/0 5:01 0:00 0:00
Jonas Junland 0 0 0 0 0 0 0 1 0 0 0/0 18:29 2:49 2:31
Joseph Cramarossa 0 0 0 1 0 0 0 0 0 0 0/0 7:51 0:00 0:00
Kenndal McArdle 0 1 1 0 0 2 1 0 0 0 1/2 17:14 3:35 1:03
Kyle Wharton 0 0 0 -1 2 0 1 1 1 1 0/0 24:51 5:07 1:58
Marc-André Cliche 0 0 0 0 0 1 0 0 1 0 2/8 17:14 3:35 1:03
Max McCormick 0 0 0 1 0 0 2 0 0 1 0/0 7:51 0:00 0:00
Mike Halmo 0 0 0 0 0 0 0 0 0 0 0/1 1:43 0:00 1:42
Mitch Callahan 0 0 0 0 0 1 1 1 0 0 0/0 11:09 0:00 0:00
Shayne Gostisbehere 0 0 0 0 0 2 1 1 2 0 0/0 18:48 2:49 2:49
Tyler Brenner 0 3 3 1 2 0 1 1 0 0 11/30 20:40 4:21 1:50
3 Stars
1 - Dmitri Orlov (STB)
2 - Tyler Brenner (STB)
3 - Colby Cohen (STB)
Power Play
Patriotes - 0 on 3 Attempt(s) - 0.00%
Atomiques - 0 on 4 Attempt(s) - 0.00%
Penalty Kill
Patriotes - 4 on 4 Attempt(s) - 100.00%
- Score 0 goal in Penalty Kill
Atomiques - 3 on 3 Attempt(s) - 100.00%
- Score 0 goal in Penalty Kill
Team Stat
Patriotes - Hits : 17 - Faceoff Wins : 30 - Blocked Shots : 9 - Penalty Minutes : 8
Atomiques - Hits : 20 - Faceoff Wins : 17 - Blocked Shots : 11 - Penalty Minutes : 6
Official
Referees : Auger Stephane and Rooney Chris
Linesman : Brad Lazarowich and Steve Miller
Game Notes
No Game Note
Finance
Level 1 -- Attendance: 1542 (77.10%) -- Ticket Income $61,680
Level 2 -- Attendance: 682 (68.20%) -- Ticket Income $13,640
Total Attendance: 2224 (74.13%)
Total Ticket Income: $75,320
Other Income: $3,766
Total Income: $79,086
Patriotes
5 vs 5 Forward
Center Left Wing Right Wing Time % Phy DF OF
1 Christian Hanson Matt Calvert Andrew Gordon 40 1 2 2
2 Zenon Konopka Fedor Fedorov Lauri Tukonen 30 1 2 2
3 Phil McRae Justin Florek Zach Budish 20 1 2 2
4 Jared Knight Vince Hinostroza Scott Glennie 10 1 2 2
5 vs 5 Defense
Defense Defense Time % Phy DF OF
1 Timothy Kunes Anthony Bitetto 40 1 2 2
2 Alex Petrovic David Kolomatis 30 1 2 2
3 Aaron Ness Robbie Russo 20 1 2 2
4 Timothy Kunes Anthony Bitetto 10 1 2 2
PowerPlay Forward
Center Left Wing Right Wing Time % Phy DF OF
1 Christian Hanson Matt Calvert Andrew Gordon 60 1 2 2
2 Zenon Konopka Fedor Fedorov Lauri Tukonen 40 1 2 2
PowerPlay Defense
Defense Defense Time % Phy DF OF
1 Timothy Kunes Anthony Bitetto 60 1 2 2
2 Alex Petrovic David Kolomatis 40 1 2 2
Penalty Kill 4 Players Forward
Center Wing Time % Phy DF OF
1 Andrew Gordon Christian Hanson 60 1 2 2
2 Matt Calvert Zenon Konopka 40 1 2 2
Penalty Kill 4 Players Defense
Defense Defense Time % Phy DF OF
1 Timothy Kunes Anthony Bitetto 60 1 2 2
2 Alex Petrovic David Kolomatis 40 1 2 2
Penalty Kill - 3 Players Forward
Forward Time % Phy DF OF
1 Andrew Gordon 60 1 2 2
2 Christian Hanson 40 1 2 2
Penalty Kill - 3 Players Defense
Defense Defense Time % Phy DF OF
1 Timothy Kunes Anthony Bitetto 60 1 2 2
2 Alex Petrovic David Kolomatis 40 1 2 2
4 vs 4 Forward
Center Wing Time % Phy DF OF
1 Andrew Gordon Christian Hanson 60 1 2 2
2 Matt Calvert Zenon Konopka 40 1 2 2
4 vs 4 Defense
Defense Defense Time % Phy DF OF
1 Timothy Kunes Anthony Bitetto 60 1 2 2
2 Alex Petrovic David Kolomatis 40 1 2 2
Last Minutes Offensive
Center Left Wing Right Wing Defense Defense
Christian Hanson Matt Calvert Andrew Gordon Timothy Kunes Anthony Bitetto
Last Minutes Defensive
Center Left Wing Right Wing Defense Defense
Christian Hanson Matt Calvert Andrew Gordon Timothy Kunes Anthony Bitetto
Goaltenders
Starting : Marek Schwarz
Backup : Andrei Vasilevskiy
Extra Forwards
Normal : Austin Watson, Riley Barber, Robert Baillargeon - PP : Austin Watson, Riley Barber - PK : Robert Baillargeon
Extra Defensemen
Normal : Aaron Ness, Robbie Russo, Alex Petrovic - PP : Aaron Ness - PK : Robbie Russo, Alex Petrovic
Penalty Shots
Andrew Gordon, Christian Hanson, Matt Calvert, Zenon Konopka, Fedor Fedorov
Scratches
Ryan Wilson (Bruised Left Arm Injury), Phoenix Copley (Healthy)
Atomiques
5 vs 5 Forward
Center Left Wing Right Wing Time % Phy DF OF
1 Tyler Brenner Dwight King Corey Tropp 40 1 2 2
2 Marc-André Cliche Kenndal McArdle Bobby Farnham 30 1 2 2
3 Brett Sutter Andrew Kozek Mitch Callahan 20 1 2 2
4 Andreas Engqvist Joseph Cramarossa Max McCormick 10 1 2 2
5 vs 5 Defense
Defense Defense Time % Phy DF OF
1 Davis Drewiske Kyle Wharton 40 1 2 2
2 Jonas Junland Shayne Gostisbehere 30 1 2 2
3 Colby Cohen Dmitri Orlov 20 1 2 2
4 Eric Mestery John Draeger 10 1 2 2
PowerPlay Forward
Center Left Wing Right Wing Time % Phy DF OF
1 Tyler Brenner Dwight King Corey Tropp 60 1 2 2
2 Marc-André Cliche Kenndal McArdle Bobby Farnham 40 1 2 2
PowerPlay Defense
Defense Defense Time % Phy DF OF
1 Davis Drewiske Kyle Wharton 60 1 2 2
2 Jonas Junland Shayne Gostisbehere 40 1 2 2
Penalty Kill 4 Players Forward
Center Wing Time % Phy DF OF
1 Tyler Brenner Dwight King 60 1 2 2
2 Kenndal McArdle Marc-André Cliche 40 1 2 2
Penalty Kill 4 Players Defense
Defense Defense Time % Phy DF OF
1 Davis Drewiske Kyle Wharton 60 1 2 2
2 Jonas Junland Shayne Gostisbehere 40 1 2 2
Penalty Kill - 3 Players Forward
Forward Time % Phy DF OF
1 Tyler Brenner 60 1 2 2
2 Dwight King 40 1 2 2
Penalty Kill - 3 Players Defense
Defense Defense Time % Phy DF OF
1 Davis Drewiske Kyle Wharton 60 1 2 2
2 Jonas Junland Shayne Gostisbehere 40 1 2 2
4 vs 4 Forward
Center Wing Time % Phy DF OF
1 Tyler Brenner Dwight King 60 1 2 2
2 Kenndal McArdle Marc-André Cliche 40 1 2 2
4 vs 4 Defense
Defense Defense Time % Phy DF OF
1 Davis Drewiske Kyle Wharton 60 1 2 2
2 Jonas Junland Shayne Gostisbehere 40 1 2 2
Last Minutes Offensive
Center Left Wing Right Wing Defense Defense
Tyler Brenner Dwight King Corey Tropp Davis Drewiske Kyle Wharton
Last Minutes Defensive
Center Left Wing Right Wing Defense Defense
Tyler Brenner Dwight King Corey Tropp Davis Drewiske Kyle Wharton
Goaltenders
Starting : Sergei Bobrovsky
Backup : Jeremy Smith
Extra Forwards
Normal : Anthony Nigro, Darren Kramer, Mike Halmo - PP : Anthony Nigro, Darren Kramer - PK : Mike Halmo
Extra Defensemen
Normal : Fredrik Claesson, Colby Cohen, Dmitri Orlov - PP : Fredrik Claesson - PK : Colby Cohen, Dmitri Orlov
Penalty Shots
Tyler Brenner, Dwight King, Kenndal McArdle, Marc-André Cliche, Andrew Kozek
Scratches
Brock McGinn (Severed Left Wrist Tendons Injury)
% Time on Ice - Patriotes
Lines # - Real PCT - Wanted PCT - Time Play
Normal Forward
1 - 32% - 40% - 14:35
2 - 28% - 30% - 12:44
3 - 25% - 20% - 11:45
4 - 15% - 10% - 7:03
Normal Defense
1 - 38% - 40% - 17:35
2 - 31% - 30% - 14:26
3 - 27% - 20% - 12:17
4 - 4% - 10% - 1:49
PP Forward
1 - 54% - 60% - 3:13
2 - 46% - 40% - 2:44
PP Defense
1 - 66% - 60% - 3:56
2 - 34% - 40% - 2:01
PK Forward
1 - 74% - 60% - 5:54
2 - 26% - 40% - 2:02
PK Defense
1 - 56% - 60% - 4:26
2 - 44% - 40% - 3:30
PK3 Forward
1 - 0% - 60%
2 - 0% - 40%
PK3 Defense
1 - 0% - 60%
2 - 0% - 40%
44 Forward
1 - 0% - 60%
2 - 0% - 40%
44 Defense
1 - 0% - 60%
2 - 0% - 40%
Last Minute Offensive - 0:00
Last Minute Defensive - 0:00
Total
Forward - 60:00
Defense - 60:00
|
% Time on Ice - Atomiques
Lines # - Real PCT - Wanted PCT - Time Play
Normal Forward
1 - 31% - 40% - 14:31
2 - 27% - 30% - 12:36
3 - 24% - 20% - 11:09
4 - 17% - 10% - 7:51
Normal Defense
1 - 39% - 40% - 17:47
2 - 29% - 30% - 13:09
3 - 22% - 20% - 10:10
4 - 11% - 10% - 5:01
PP Forward
1 - 55% - 60% - 4:21
2 - 45% - 40% - 3:35
PP Defense
1 - 64% - 60% - 5:07
2 - 36% - 40% - 2:49
PK Forward
1 - 82% - 60% - 4:54
2 - 18% - 40% - 1:03
PK Defense
1 - 58% - 60% - 3:26
2 - 42% - 40% - 2:31
PK3 Forward
1 - 0% - 60%
2 - 0% - 40%
PK3 Defense
1 - 0% - 60%
2 - 0% - 40%
44 Forward
1 - 0% - 60%
2 - 0% - 40%
44 Defense
1 - 0% - 60%
2 - 0% - 40%
Last Minute Offensive - 0:00
Last Minute Defensive - 0:00
Total
Forward - 60:00
Defense - 60:00
|
Play by Play
1st period
0:01 of 1st period - Christian Hanson wins face-off versus Tyler Brenner in neutral zone.
0:26 of 1st period - Timothy Kunes is hit by Bobby Farnham.
0:50 of 1st period - Snap shot by Brett Sutter.
0:50 of 1st period - Stopped by Marek Schwarz with a rebound.
0:52 of 1st period - Snap shot by Andrew Kozek.
0:52 of 1st period - Shot Misses the Net.
0:54 of 1st period - Snap shot by Brett Sutter.
0:54 of 1st period - Shot Misses the Net.
1:38 of 1st period - Slapshot by Shayne Gostisbehere.
1:38 of 1st period - Stopped by Marek Schwarz without a rebound.
1:39 of 1st period - Zenon Konopka wins face-off versus Marc-André Cliche in Patriotes zone.
1:52 of 1st period - Snap shot by Kenndal McArdle.
1:52 of 1st period - Shot Blocked by Zenon Konopka.
1:54 of 1st period - Slapshot by Colby Cohen.
1:54 of 1st period - Stopped by Marek Schwarz with a rebound.
2:04 of 1st period - Dwight King is hit by Andrew Gordon and loses puck.
2:20 of 1st period - Icing by Eric Mestery.
2:21 of 1st period - Phil McRae wins face-off versus Tyler Brenner in Atomiques zone.
2:36 of 1st period - Snap shot by Corey Tropp.
2:36 of 1st period - Stopped by Marek Schwarz without a rebound.
2:37 of 1st period - Brett Sutter wins face-off versus Christian Hanson in Patriotes zone.
3:28 of 1st period - Dwight King is hit by Justin Florek and loses puck.
4:53 of 1st period - Slapshot by Corey Tropp.
4:53 of 1st period - Shot Misses the Net.
4:55 of 1st period - Wrist shot by Dwight King.
4:55 of 1st period - Stopped by Marek Schwarz with a rebound.
4:57 of 1st period - Slapshot by Corey Tropp.
4:57 of 1st period - Shot Blocked by Aaron Ness.
4:59 of 1st period - Wrist shot by Dwight King.
4:59 of 1st period - Shot Misses the Net.
5:38 of 1st period - Slapshot by Christian Hanson.
5:38 of 1st period - Shot Misses the Net.
5:40 of 1st period - Snap shot by Andrew Gordon.
5:40 of 1st period - Deflect By Matt Calvert.
5:40 of 1st period - Goal by Matt Calvert - Patriotes : 1 - Atomiques : 0.
5:41 of 1st period - Christian Hanson wins face-off versus Tyler Brenner in neutral zone.
6:08 of 1st period - Shayne Gostisbehere is hit by Zenon Konopka and loses puck.
8:51 of 1st period - Wrist shot by Marc-André Cliche.
8:51 of 1st period - Stopped by Marek Schwarz with a rebound.
9:41 of 1st period - Snap shot by Andreas Engqvist.
9:41 of 1st period - Shot Blocked by Scott Glennie.
9:43 of 1st period - Snap shot by Andreas Engqvist.
9:43 of 1st period - Stopped by Marek Schwarz with a rebound.
9:57 of 1st period - Slapshot by Matt Calvert.
9:57 of 1st period - Shot Misses the Net.
9:59 of 1st period - Wrist shot by Christian Hanson.
9:59 of 1st period - Shot Misses the Net.
10:01 of 1st period - Snap shot by Andrew Gordon.
10:01 of 1st period - Stopped by Sergei Bobrovsky with a rebound.
10:03 of 1st period - Slapshot by Timothy Kunes.
10:03 of 1st period - Shot Blocked by Corey Tropp.
10:25 of 1st period - Marc-André Cliche is hit by Lauri Tukonen and loses puck.
11:47 of 1st period - Kenndal McArdle is hit by Anthony Bitetto and loses puck.
12:24 of 1st period - Slapshot by Timothy Kunes.
12:24 of 1st period - Shot Blocked by Brett Sutter.
12:32 of 1st period - Slapshot by Justin Florek.
12:32 of 1st period - Shot Blocked by Jonas Junland.
13:53 of 1st period - Snap shot by Andrew Kozek.
13:53 of 1st period - Shot Misses the Net.
14:11 of 1st period - Backhand shot by Lauri Tukonen.
14:11 of 1st period - Stopped by Sergei Bobrovsky with a rebound.
14:13 of 1st period - Snap shot by Fedor Fedorov.
14:13 of 1st period - Stopped by Sergei Bobrovsky with a rebound.
14:35 of 1st period - Wrist shot by Scott Glennie.
14:35 of 1st period - Deflect By Vince Hinostroza.
14:35 of 1st period - Stopped by Sergei Bobrovsky with a rebound.
14:37 of 1st period - Backhand shot by Timothy Kunes.
14:37 of 1st period - Stopped by Sergei Bobrovsky with a rebound.
14:52 of 1st period - Snap shot by Andrew Gordon.
14:52 of 1st period - Stopped by Sergei Bobrovsky without a rebound.
14:53 of 1st period - Tyler Brenner wins face-off versus Christian Hanson in Atomiques zone.
15:00 of 1st period - Matt Calvert is hit by Corey Tropp.
15:24 of 1st period - Lauri Tukonen is hit by Kenndal McArdle and loses puck.
15:57 of 1st period - Wrist shot by Brett Sutter.
15:57 of 1st period - Shot Misses the Net.
15:59 of 1st period - Slapshot by Shayne Gostisbehere.
15:59 of 1st period - Stopped by Marek Schwarz without a rebound.
16:00 of 1st period - Christian Hanson wins face-off versus Tyler Brenner in Patriotes zone.
16:05 of 1st period - Wrist shot by Christian Hanson.
16:05 of 1st period - Stopped by Sergei Bobrovsky with a rebound.
16:25 of 1st period - Bobby Farnham is hit by David Kolomatis and loses puck.
16:46 of 1st period - Davis Drewiske is hit by Aaron Ness and loses puck.
17:32 of 1st period - Slapshot by Andrew Kozek.
17:32 of 1st period - Shot Blocked by Anthony Bitetto.
17:34 of 1st period - Slapshot by Eric Mestery.
17:34 of 1st period - Shot Blocked by Timothy Kunes.
17:36 of 1st period - Slapshot by Shayne Gostisbehere.
17:36 of 1st period - Shot Misses the Net.
18:24 of 1st period - Slapshot by Timothy Kunes.
18:24 of 1st period - Shot Misses the Net.
19:13 of 1st period - Fedor Fedorov is hit by Mitch Callahan and loses puck.
19:48 of 1st period - Wrist shot by Brett Sutter.
19:48 of 1st period - Stopped by Marek Schwarz with a rebound.
19:50 of 1st period - Wrist shot by Brett Sutter.
19:50 of 1st period - Stopped by Marek Schwarz without a rebound.
19:51 of 1st period - Andrew Gordon wins face-off versus Tyler Brenner in Patriotes zone.
Goals for this period are 1 for Patriotes vs 0 for Atomiques.
Shots for this period are 8 for Patriotes vs 10 for Atomiques.
2nd period
0:01 of 2nd period - Tyler Brenner wins face-off versus Christian Hanson in neutral zone.
0:23 of 2nd period - Icing by Kyle Wharton.
0:24 of 2nd period - Marc-André Cliche wins face-off versus Zenon Konopka in Atomiques zone.
1:00 of 2nd period - Snap shot by Corey Tropp.
1:00 of 2nd period - Deflect By Dwight King.
1:00 of 2nd period - Stopped by Marek Schwarz with a rebound.
1:18 of 2nd period - Slapshot by Phil McRae.
1:18 of 2nd period - Stopped by Sergei Bobrovsky with a rebound.
1:20 of 2nd period - Wrist shot by Zach Budish.
1:20 of 2nd period - Shot Misses the Net.
1:22 of 2nd period - Snap shot by Phil McRae.
1:22 of 2nd period - Stopped by Sergei Bobrovsky without a rebound.
1:23 of 2nd period - Tyler Brenner wins face-off versus Fedor Fedorov in Atomiques zone.
1:23 of 2nd period - Tyler Brenner is hit by Lauri Tukonen.
1:58 of 2nd period - Minor Penalty to Matt Calvert for Hooking.
1:59 of 2nd period - Tyler Brenner wins face-off versus Andrew Gordon in Patriotes zone.
2:07 of 2nd period - Slapshot by Timothy Kunes.
2:07 of 2nd period - Shot Blocked by Davis Drewiske.
2:09 of 2nd period - Snap shot by Timothy Kunes.
2:09 of 2nd period - Shot Misses the Net.
2:11 of 2nd period - Slapshot by Andrew Gordon.
2:11 of 2nd period - Deflect By Christian Hanson.
2:11 of 2nd period - Shot Blocked by Tyler Brenner.
2:11 of 2nd period - Puck is out of play.
2:12 of 2nd period - Andrew Gordon wins face-off versus Tyler Brenner in Atomiques zone.
2:13 of 2nd period - Wrist shot by Christian Hanson.
2:13 of 2nd period - Stopped by Sergei Bobrovsky without a rebound.
2:14 of 2nd period - Andrew Gordon wins face-off versus Tyler Brenner in Atomiques zone.
2:27 of 2nd period - Wrist shot by Dwight King.
2:27 of 2nd period - Shot Blocked by Timothy Kunes.
3:58 of 2nd period - Penalty to Matt Calvert is over, Matt Calvert is back on ice.
4:15 of 2nd period - Snap shot by Brett Sutter.
4:15 of 2nd period - Stopped by Marek Schwarz without a rebound.
4:16 of 2nd period - Brett Sutter wins face-off versus Phil McRae in Patriotes zone.
4:27 of 2nd period - Wrist shot by Andrew Kozek.
4:27 of 2nd period - Stopped by Marek Schwarz with a rebound.
4:29 of 2nd period - Slapshot by Dmitri Orlov.
4:29 of 2nd period - Stopped by Marek Schwarz without a rebound.
4:30 of 2nd period - Zenon Konopka wins face-off versus Kenndal McArdle in Patriotes zone.
4:40 of 2nd period - Icing by Anthony Bitetto.
4:41 of 2nd period - Zenon Konopka wins face-off versus Tyler Brenner in Patriotes zone.
4:41 of 2nd period - Zenon Konopka is hit by Tyler Brenner.
4:46 of 2nd period - Minor Penalty to Tyler Brenner for Roughing.
4:47 of 2nd period - Matt Calvert wins face-off versus Mike Halmo in Atomiques zone.
6:46 of 2nd period - Penalty to Tyler Brenner is over, Tyler Brenner is back on ice.
6:53 of 2nd period - Slapshot by Kenndal McArdle.
6:53 of 2nd period - Stopped by Marek Schwarz with a rebound.
6:55 of 2nd period - Snap shot by Kenndal McArdle.
6:55 of 2nd period - Stopped by Marek Schwarz with a rebound.
6:57 of 2nd period - Wrist shot by Bobby Farnham.
6:57 of 2nd period - Goal by Bobby Farnham - Patriotes : 1 - Atomiques : 1.
6:58 of 2nd period - Kenndal McArdle wins face-off versus Zenon Konopka in neutral zone.
7:25 of 2nd period - Dwight King is hit by Andrew Gordon and loses puck.
7:47 of 2nd period - Timothy Kunes is hit by Shayne Gostisbehere and loses puck.
8:02 of 2nd period - Snap shot by Vince Hinostroza.
8:02 of 2nd period - Shot Misses the Net.
8:22 of 2nd period - Snap shot by Zenon Konopka.
8:22 of 2nd period - Stopped by Sergei Bobrovsky without a rebound.
8:23 of 2nd period - Zenon Konopka wins face-off versus Marc-André Cliche in Atomiques zone.
9:02 of 2nd period - Snap shot by Fedor Fedorov.
9:02 of 2nd period - Shot Blocked by Mitch Callahan.
9:04 of 2nd period - Snap shot by Fedor Fedorov.
9:04 of 2nd period - Shot Misses the Net.
9:06 of 2nd period - Wrist shot by Zenon Konopka.
9:06 of 2nd period - Shot Misses the Net.
9:08 of 2nd period - Snap shot by Lauri Tukonen.
9:08 of 2nd period - Stopped by Sergei Bobrovsky without a rebound.
9:09 of 2nd period - Christian Hanson wins face-off versus Tyler Brenner in Atomiques zone.
10:13 of 2nd period - Davis Drewiske is hit by Anthony Bitetto and loses puck.
10:18 of 2nd period - Snap shot by Christian Hanson.
10:18 of 2nd period - Shot Blocked by Andreas Engqvist.
10:36 of 2nd period - Lauri Tukonen is hit by Corey Tropp and loses puck.
10:51 of 2nd period - Wrist shot by Phil McRae.
10:51 of 2nd period - Stopped by Sergei Bobrovsky with a rebound.
10:53 of 2nd period - Snap shot by Phil McRae.
10:53 of 2nd period - Shot Blocked by Kyle Wharton.
10:55 of 2nd period - Wrist shot by Justin Florek.
10:55 of 2nd period - Deflect By Zach Budish.
10:55 of 2nd period - Goal by Zach Budish - Patriotes : 2 - Atomiques : 1.
10:56 of 2nd period - Christian Hanson wins face-off versus Tyler Brenner in neutral zone.
11:25 of 2nd period - Fedor Fedorov is hit by Bobby Farnham and loses puck.
12:04 of 2nd period - Timothy Kunes is hit by Corey Tropp and loses puck.
12:28 of 2nd period - Slapshot by Anthony Bitetto.
12:28 of 2nd period - Deflect By Andreas Engqvist.
12:28 of 2nd period - Stopped by Sergei Bobrovsky with a rebound.
12:30 of 2nd period - Snap shot by Christian Hanson.
12:30 of 2nd period - Shot Blocked by John Draeger.
12:42 of 2nd period - Lauri Tukonen is hit by John Draeger and loses puck.
13:03 of 2nd period - Snap shot by Brett Sutter.
13:03 of 2nd period - Deflect By Andrew Kozek.
13:03 of 2nd period - Stopped by Marek Schwarz without a rebound.
13:04 of 2nd period - Justin Florek wins face-off versus Brett Sutter in Patriotes zone.
13:31 of 2nd period - Snap shot by Phil McRae.
13:31 of 2nd period - Stopped by Sergei Bobrovsky without a rebound.
13:32 of 2nd period - Tyler Brenner wins face-off versus Christian Hanson in Atomiques zone.
13:42 of 2nd period - Icing by Aaron Ness.
13:43 of 2nd period - Christian Hanson wins face-off versus Tyler Brenner in Patriotes zone.
14:10 of 2nd period - Snap shot by Zenon Konopka.
14:10 of 2nd period - Shot Misses the Net.
14:16 of 2nd period - Wrist shot by Fedor Fedorov.
14:16 of 2nd period - Shot Misses the Net.
14:18 of 2nd period - Snap shot by Zenon Konopka.
14:18 of 2nd period - Stopped by Sergei Bobrovsky with a rebound.
14:30 of 2nd period - Snap shot by Phil McRae.
14:30 of 2nd period - Shot Blocked by Davis Drewiske.
14:48 of 2nd period - Timothy Kunes is hit by Davis Drewiske.
15:42 of 2nd period - Minor Penalty to Fedor Fedorov for Interference.
15:43 of 2nd period - Andrew Gordon wins face-off versus Tyler Brenner in Patriotes zone.
15:54 of 2nd period - Alex Petrovic is hit by Corey Tropp and loses puck.
16:39 of 2nd period - Corey Tropp is hit by Anthony Bitetto and loses puck.
17:26 of 2nd period - Icing by Bobby Farnham.
17:27 of 2nd period - Matt Calvert wins face-off versus Marc-André Cliche in Atomiques zone.
17:36 of 2nd period - Kenndal McArdle is hit by Zenon Konopka and loses puck.
17:42 of 2nd period - Penalty to Fedor Fedorov is over, Fedor Fedorov is back on ice.
17:49 of 2nd period - Phil McRae is hit by Brett Sutter and loses puck.
18:47 of 2nd period - Wrist shot by Andrew Gordon.
18:47 of 2nd period - Shot Misses the Net.
18:49 of 2nd period - Snap shot by Andrew Gordon.
18:49 of 2nd period - Stopped by Sergei Bobrovsky without a rebound.
18:50 of 2nd period - Tyler Brenner wins face-off versus Christian Hanson in Atomiques zone.
18:56 of 2nd period - Minor Penalty to Andrew Gordon for Slashing.
18:57 of 2nd period - Tyler Brenner wins face-off versus Robert Baillargeon in Patriotes zone.
19:02 of 2nd period - Wrist shot by Corey Tropp.
19:02 of 2nd period - Stopped by Marek Schwarz with a rebound.
19:10 of 2nd period - Snap shot by Tyler Brenner.
19:10 of 2nd period - Shot Misses the Net.
Goals for this period are 1 for Patriotes vs 1 for Atomiques.
Shots for this period are 11 for Patriotes vs 9 for Atomiques.
3rd period
0:01 of 3rd period - Robert Baillargeon wins face-off versus Tyler Brenner in neutral zone.
0:56 of 3rd period - Penalty to Andrew Gordon is over, Andrew Gordon is back on ice.
1:11 of 3rd period - Wrist shot by Brett Sutter.
1:11 of 3rd period - Shot Blocked by Justin Florek.
1:13 of 3rd period - Slapshot by Brett Sutter.
1:13 of 3rd period - Shot Misses the Net.
1:15 of 3rd period - Backhand shot by Mitch Callahan.
1:15 of 3rd period - Shot Misses the Net.
1:17 of 3rd period - Slapshot by Dmitri Orlov.
1:17 of 3rd period - Shot Blocked by Justin Florek.
1:19 of 3rd period - Snap shot by Mitch Callahan.
1:19 of 3rd period - Stopped by Marek Schwarz with a rebound.
1:21 of 3rd period - Slapshot by Colby Cohen.
1:21 of 3rd period - Stopped by Marek Schwarz with a rebound.
1:31 of 3rd period - Zenon Konopka is hit by Max McCormick.
1:44 of 3rd period - Andrew Gordon is hit by Colby Cohen and loses puck.
2:47 of 3rd period - Zenon Konopka is hit by Davis Drewiske and loses puck.
2:58 of 3rd period - Snap shot by Anthony Bitetto.
2:58 of 3rd period - Stopped by Sergei Bobrovsky with a rebound.
3:02 of 3rd period - Wrist shot by Christian Hanson.
3:02 of 3rd period - Shot Misses the Net.
3:18 of 3rd period - Vince Hinostroza is hit by Max McCormick and loses puck.
3:23 of 3rd period - Snap shot by Andreas Engqvist.
3:23 of 3rd period - Shot Misses the Net.
3:25 of 3rd period - Snap shot by Andreas Engqvist.
3:25 of 3rd period - Shot Misses the Net.
4:43 of 3rd period - Snap shot by Justin Florek.
4:43 of 3rd period - Stopped by Sergei Bobrovsky without a rebound.
4:44 of 3rd period - Phil McRae wins face-off versus Tyler Brenner in Atomiques zone.
4:45 of 3rd period - Snap shot by Justin Florek.
4:45 of 3rd period - Stopped by Sergei Bobrovsky without a rebound.
4:46 of 3rd period - Tyler Brenner wins face-off versus Phil McRae in Atomiques zone.
4:55 of 3rd period - Snap shot by Phil McRae.
4:55 of 3rd period - Stopped by Sergei Bobrovsky without a rebound.
4:56 of 3rd period - Christian Hanson wins face-off versus Tyler Brenner in Atomiques zone.
5:21 of 3rd period - Anthony Bitetto is hit by Davis Drewiske and loses puck.
6:06 of 3rd period - Snap shot by Matt Calvert.
6:06 of 3rd period - Stopped by Sergei Bobrovsky without a rebound.
6:07 of 3rd period - Zenon Konopka wins face-off versus Tyler Brenner in Atomiques zone.
6:12 of 3rd period - Wrist shot by Zenon Konopka.
6:12 of 3rd period - Shot Blocked by Shayne Gostisbehere.
6:14 of 3rd period - Wrist shot by Fedor Fedorov.
6:14 of 3rd period - Stopped by Sergei Bobrovsky with a rebound.
6:16 of 3rd period - Wrist shot by Fedor Fedorov.
6:16 of 3rd period - Stopped by Sergei Bobrovsky with a rebound.
6:18 of 3rd period - Wrist shot by Lauri Tukonen.
6:18 of 3rd period - Stopped by Sergei Bobrovsky with a rebound.
6:20 of 3rd period - Snap shot by Anthony Bitetto.
6:20 of 3rd period - Stopped by Sergei Bobrovsky with a rebound.
6:22 of 3rd period - Wrist shot by Lauri Tukonen.
6:22 of 3rd period - Shot Misses the Net.
6:37 of 3rd period - Slapshot by David Kolomatis.
6:37 of 3rd period - Shot Misses the Net.
6:39 of 3rd period - Snap shot by Justin Florek.
6:39 of 3rd period - Stopped by Sergei Bobrovsky without a rebound.
6:40 of 3rd period - Marc-André Cliche wins face-off versus Zenon Konopka in Atomiques zone.
6:40 of 3rd period - Marc-André Cliche is hit by David Kolomatis.
6:59 of 3rd period - Minor Penalty to Alex Petrovic for Hooking.
7:00 of 3rd period - Corey Tropp wins face-off versus Andrew Gordon in Patriotes zone.
7:28 of 3rd period - Icing by Kyle Wharton.
7:29 of 3rd period - Matt Calvert wins face-off versus Marc-André Cliche in Atomiques zone.
7:32 of 3rd period - Slapshot by Matt Calvert.
7:32 of 3rd period - Stopped by Sergei Bobrovsky without a rebound.
7:33 of 3rd period - Tyler Brenner wins face-off versus Matt Calvert in Atomiques zone.
7:33 of 3rd period - Tyler Brenner is hit by Matt Calvert.
7:41 of 3rd period - Wrist shot by Tyler Brenner.
7:41 of 3rd period - Shot Misses the Net.
7:59 of 3rd period - Robbie Russo is hit by Davis Drewiske and loses puck.
8:08 of 3rd period - Wrist shot by Shayne Gostisbehere.
8:08 of 3rd period - Shot Misses the Net.
8:59 of 3rd period - Penalty to Alex Petrovic is over, Alex Petrovic is back on ice.
9:08 of 3rd period - Wrist shot by Andreas Engqvist.
9:08 of 3rd period - Stopped by Marek Schwarz without a rebound.
9:09 of 3rd period - Phil McRae wins face-off versus Andreas Engqvist in Patriotes zone.
9:22 of 3rd period - Slapshot by Justin Florek.
9:22 of 3rd period - Stopped by Sergei Bobrovsky without a rebound.
9:23 of 3rd period - Christian Hanson wins face-off versus Marc-André Cliche in Atomiques zone.
9:30 of 3rd period - Backhand shot by Andrew Gordon.
9:30 of 3rd period - Stopped by Sergei Bobrovsky without a rebound.
9:31 of 3rd period - Christian Hanson wins face-off versus Marc-André Cliche in Atomiques zone.
10:16 of 3rd period - Wrist shot by Brett Sutter.
10:16 of 3rd period - Goal by Brett Sutter - Patriotes : 2 - Atomiques : 2.
10:17 of 3rd period - Tyler Brenner wins face-off versus Christian Hanson in neutral zone.
11:23 of 3rd period - Minor Penalty to Brett Sutter for Hooking.
11:24 of 3rd period - Christian Hanson wins face-off versus Tyler Brenner in Atomiques zone.
13:23 of 3rd period - Penalty to Brett Sutter is over, Brett Sutter is back on ice.
13:28 of 3rd period - Jonas Junland is hit by Justin Florek and loses puck.
14:23 of 3rd period - Slapshot by Dmitri Orlov.
14:23 of 3rd period - Shot Misses the Net.
14:25 of 3rd period - Slapshot by Colby Cohen.
14:25 of 3rd period - Shot Misses the Net.
14:27 of 3rd period - Snap shot by Andreas Engqvist.
14:27 of 3rd period - Shot Misses the Net.
14:29 of 3rd period - Snap shot by Andreas Engqvist.
14:29 of 3rd period - Goal by Andreas Engqvist - Patriotes : 2 - Atomiques : 3.
14:30 of 3rd period - Tyler Brenner wins face-off versus Andrew Gordon in neutral zone.
14:35 of 3rd period - Wrist shot by Dwight King.
14:35 of 3rd period - Stopped by Marek Schwarz with a rebound.
14:37 of 3rd period - Snap shot by Dwight King.
14:37 of 3rd period - Shot Blocked by Timothy Kunes.
14:39 of 3rd period - Snap shot by Davis Drewiske.
14:39 of 3rd period - Deflect By Timothy Kunes.
14:39 of 3rd period - Stopped by Marek Schwarz with a rebound.
14:55 of 3rd period - Davis Drewiske is hit by Timothy Kunes and loses puck.
15:02 of 3rd period - Wrist shot by Zenon Konopka.
15:02 of 3rd period - Shot Hit the Post.
16:32 of 3rd period - Dmitri Orlov is hit by Vince Hinostroza and loses puck.
17:11 of 3rd period - Wrist shot by Dwight King.
17:11 of 3rd period - Goal by Dwight King - Patriotes : 2 - Atomiques : 4.
17:12 of 3rd period - Christian Hanson wins face-off versus Tyler Brenner in neutral zone.
17:23 of 3rd period - Snap shot by Corey Tropp.
17:23 of 3rd period - Shot Misses the Net.
17:25 of 3rd period - Snap shot by Dwight King.
17:25 of 3rd period - Shot Misses the Net.
17:27 of 3rd period - Snap shot by Tyler Brenner.
17:27 of 3rd period - Deflect By Corey Tropp.
17:27 of 3rd period - Shot Misses the Net.
17:27 of 3rd period - Puck is out of play.
17:28 of 3rd period - Phil McRae wins face-off versus Brett Sutter in Patriotes zone.
17:40 of 3rd period - Justin Florek is hit by Kyle Wharton and loses puck.
17:59 of 3rd period - Minor Penalty to Kyle Wharton for High sticking.
18:00 of 3rd period - Christian Hanson wins face-off versus Tyler Brenner in Atomiques zone.
18:16 of 3rd period - Slapshot by Tyler Brenner.
18:16 of 3rd period - Shot Misses the Net.
19:59 of 3rd period - Penalty to Kyle Wharton is over, Kyle Wharton is back on ice.
Goals for this period are 0 for Patriotes vs 3 for Atomiques.
Shots for this period are 13 for Patriotes vs 8 for Atomiques.
Back to the Top